 Dungeon Crawl Stone Soup version 0.31-a0-354-g827e0957a7 (webtiles) character file.

Game seed: 14426370262730402219

25 MacCMillion the Changeling (level 3, 0/26 HPs)
             Began as a Merfolk Shapeshifter on July 24, 2023.
             Slain by an orc
             ... wielding a +0 heavy mace
              (7 damage)
             ... on level 2 of the Dungeon.
             The game lasted 00:01:03 (1110 turns).

MacCMillion the Changeling (Merfolk Shapeshifter)   Turns: 1110, Time: 00:01:04

Health: 0/26       AC:  6    Str: 17    XL:     3   Next: 6%
Magic:  3/3        EV: 12    Int:  7    God:
Gold:   117        SH:  0    Dex: 14    Spells: 2/2 levels left

rFire   . .          .
                       - Unarmed
rCold   . . .        (no shield)
rNeg    . . .        a - +0 animal skin
rPois   .            (helmet currently unavailable)
rElec   .            (cloak currently unavailable)
rCorr   .            (gloves currently unavailable)
SInv    .            (boots currently unavailable)
Will    .....        (no amulet)
Stlth   +            e - +4 ring of protection
HPRegen 0.24/turn    (no ring)
MPRegen 0.08/turn

%: no passive effects
@: beast-form
A: beast (slay +3), (nimble swimmer 2), mertail
a: Begin Untransformation


You were on level 2 of the Dungeon.
You were a hulking beast.
You visited 1 branch of the dungeon, and saw 2 of its levels.

You collected 117 gold pieces.

Inventory:

Armour
 a - a +0 animal skin (worn)
Jewellery
 e - a +4 ring of protection (left hand)
Talismans
 c - a beast talisman
Scrolls
 d - a scroll of enchant weapon {unknown}
 g - a scroll of noise {unknown}
 h - a scroll of teleportation {unknown}
 i - 2 scrolls of identify {unknown}
 j - a scroll of poison {unknown}
Potions
 b - a potion of lignification
 f - 2 potions of curing {unknown}


   Skills:
 - Level 1.1 Fighting
 - Level 2.6 Dodging
 + Level 4.3 Unarmed Combat
 - Level 4.3 Shapeshifting


You had 2 spell levels left.
You didn't know any spells.
Your spell library contained the following spells:

 Spells                   Type           Power      Damage    Failure   Level
 Summon Guardian Golem    Hex/Summ       0%         N/A       80%         3
 Orb of Destruction       Conj           0%         9d5       100%        7
 Spellforged Servitor     Conj/Summ      0%         N/A       100%        7


Dungeon Overview and Level Annotations

Branches:
Dungeon (2/15)

Altars:


Innate Abilities, Weirdness & Mutations

You are a hulking beast.
Your limbs bulge with bestial killing power. (Slay +3)
((You are very nimble when in or above water. (Stealth+, EV+, Speed+++)))
Your lower body shifts to a powerful aquatic tail in water.


Message History

You hit the endoplasm.
The endoplasm is moderately wounded.
The endoplasm hits you but does no damage.
You punch the endoplasm!
You kill the endoplasm!
You have reached level 3!
Your experience leads to an increase in your attributes!
Increase (S)trength, (I)ntelligence, or (D)exterity?
You feel stronger. x2
There's nothing to open nearby. 2 orcs come into view.
The orc shouts! x2; You hear a shout!
The orc moves out of view.
An orc is nearby!
An orc is nearby!
Found a short sword.
An orc comes into view. It is wielding a +0 heavy mace.
The orc barely misses you.
You hit the orc.
The orc is lightly wounded.
The orc hits you with a +0 flail.
You hit the orc.
The orc is moderately wounded.
You closely miss the orc.
The orc is moderately wounded.
The orc hits you but does no damage. The orc barely misses you.
You hit the orc.
You kill the orc!
The orc completely misses you.
You hit the orc.
The orc is severely wounded.
The orc hits you with a +0 heavy mace! The orc hits you with a +0 mace.
* * * LOW HITPOINT WARNING * * *
You are too injured to fight recklessly!
You are too injured to fight recklessly!
You are too injured to fight recklessly!
You punch the orc!
You kill the orc!
The orc hits you with a +0 heavy mace!
You die...

#.# ....... #.#
.......####.####
.......#.......#
)......#.##.##.#
.......#.##....#
.......#.####..#
......o#.......#
#...)h...##.##
###..#####.##.#
.....#####.##.##### #
##.). ..##.#......#
#.##.#.##.##.#..###.#
.....#.#>##.#..###.####
#..##.)......#......# #
#.##...†..####...(...#.###
#.........# #............


You could see an orc.

Vanquished Creatures
  A dart slug (D:2)
  2 orcs (D:2)
  A ball python (D:1)
  3 endoplasms
  3 goblins (D:1)
  5 hobgoblins (D:1)
  A quokka (D:2)
  A bat (D:2)
  A frilled lizard (D:1)
  2 kobolds
20 creatures vanquished.

Notes
Turn   | Place    | Note
-------+----------+-------------------------------------------
     0 | D:1      | MacCMillion the Merfolk Shapeshifter began the quest for
                  | the Orb.
     0 | D:1      | Reached XP level 1. HP: 15/15 MP: 1/1
   396 | D:1      | Reached XP level 2. HP: 21/21 MP: 2/2
   810 | D:1      | Found a faded altar of an unknown god.
  1094 | D:2      | Reached XP level 3. HP: 26/26 MP: 3/3
  1110 | D:2      | Slain by an orc

Illustrated notes

Levels and vault maps discovered:
D:1:      dpeg_arrival_brainrot, layout_basic,
          hellmonk_ecumenical_altar_prayer_group
D:2:      layout_loops_cross

Skill      XL: |  1  2 |
---------------+-------+-----
Unarmed Combat | 4 |  4.3
Fighting       | |  1.1
Dodging        | |  2.6
Shapeshifting  | |  4.3

Action                     || total
---------------------------++-------
  Melee: Unarmed           ||    49
   Stab: Sleeping          ||     2
 Armour: Animal skin       ||    11
  Dodge: Dodged            ||    24

Table legend: (Time is in decaauts)
 A = Elapsed time spent in this place.
 B = Non-inter-level travel time spent in this place.
 C = Inter-level travel time spent in this place.
 D = Time resting spent in this place.
 E = Time spent auto-exploring this place.
 F = Levels seen in this place.
 G = Mean time per level.
                   A        B        C        D        E       F      G
               +--------+--------+--------+--------+--------+-----+--------+
         Total |   1105 |   1067 |     38 |    153 |    795 |   2 |  552.5 |
       Dungeon |   1105 |   1067 |     38 |    153 |    795 |   2 |  552.5 |
               +--------+--------+--------+--------+--------+-----+--------+

Top non-repeatable levels by time:
     D:1: 905 daAuts
     D:2: 200 daAuts
